 Dungeon Crawl Stone Soup version 0.26.1-11-gd32895ea62 (webtiles) character file.

Game seed: 4854263548934393413

650 hawla the Conjurer (level 7, -5/52 HPs)
             Began as a Pale Draconian Conjurer on July 8, 2021.
             Slain by a gnoll sergeant
             ... wielding a +2 trident of protection
              (11 damage)
             ... on level 5 of the Dungeon.
             The game lasted 00:13:22 (5893 turns).

hawla the Conjurer (Pale Draconian Conjurer)        Turns: 5893, Time: 00:13:23

Health: -5/52      AC:  6    Str: 15    XL:     7   Next: 28%
Magic:  4/12       EV: 12    Int: 26    God:
Gold:   312        SH:  0    Dex: 10    Spells: 5/12 levels left

rFire    . . .     SeeInvis .   i - -1 short sword
rCold    . . .     Faith    .   (no shield)
rNeg     . . .     Spirit   .   (armour unavailable)
rPois    .         Reflect  .   (helmet restricted)
rElec    .         Harm     .   (no cloak)
rCorr    .         Rampage  .   (no gloves)
Will     .....                  (no boots)
Stlth    ++........             g - amulet of the acrobat
HPRegen  0.17/turn              d - +6 ring of strength
MPRegen  0.13/turn              s - +6 ring of intelligence

@: no status effects
A: breathe steam, unfitting armour, cold-blooded, AC +6
a: Breathe Steam


You were on level 5 of the Dungeon.
You visited 1 branch of the dungeon, and saw 5 of its levels.

You collected 312 gold pieces.

Inventory:

Hand Weapons
 i - a -1 short sword (weapon)
Missiles
 e - 25 boomerangs
 n - 17 poisoned darts
Armour
 b - a +0 hat
Jewellery
 d - a +6 ring of strength (left hand)
 g - an amulet of the acrobat (around neck)
 s - a +6 ring of intelligence (right hand)
Wands
 m - a wand of random effects (11)
Scrolls
 c - 3 scrolls of random uselessness
 k - a scroll of enchant armour
 l - a scroll of teleportation {unknown}
 o - 3 scrolls of remove curse
 t - 2 scrolls of amnesia
 u - 2 scrolls of identify
Potions
 a - a potion of haste
 f - 2 potions of resistance
 h - 2 potions of attraction
 j - 2 potions of curing
 p - 3 potions of brilliance
 q - a potion of lignification
 r - 2 potions of ambrosia


   Skills:
 + Level 1.4 Fighting
 + Level 2.5 Dodging
 + Level 2.2 Stealth
 + Level 3.3 Spellcasting
 + Level 6.3 Conjurations
 + Level 4.0 Translocations
 * Level 1.1 Fire Magic


You had 5 spell levels left.
You knew the following spells:

 Your Spells              Type           Power        Failure   Level
a - Magic Dart            Conj           100%         1%          1
b - Searing Ray           Conj           74%          1%          2
c - Iskenderun's Mystic   Conj/Tloc      31%          11%         4

Your spell library contained the following spells:

 Spells                   Type           Power        Failure   Level
 Dazzling Flash           Conj/Hex       40%          8%          3
 Fulminant Prism          Conj/Hex       10%          24%         4


Dungeon Overview and Level Annotations

Branches:
Dungeon (5/15)
 Temple: D:4-7

Altars:
Hepliaklqana
Nemelex Xobeh

Shops:
D:4 (


Innate Abilities, Weirdness & Mutations

You can breathe blasts of scalding, opaque steam.
Your pale cyan-grey scales are hard. (AC +6)
You cannot fit into any form of body armour.
You are cold-blooded and may be slowed by cold attacks.


Message History

Confirm with . or Enter, or press ? or * to list all spells.
You erupt in a blast of force!
The mystic blast hits the gnoll sergeant but does no damage.
The gnoll shouts!
The gnoll sergeant hits you with a +2 trident of protection!
Unknown command.
Casting: Iskenderun's Mystic Blast (dangerous; 11% risk of failure)
Confirm with . or Enter, or press ? or * to list all spells.
You erupt in a blast of force!
The mystic blast hits the gnoll!
The gnoll is almost dead.
The gnoll is knocked back by the mystic blast.
The mystic blast hits the gnoll sergeant but does no damage.
The gnoll sergeant hits you with a +2 trident of protection!
The gnoll sergeant hits you from afar with a +2 trident of protection!
* * * LOW HITPOINT WARNING * * *
As you read the scroll labelled BEUSCH UFAX, it crumbles to dust.
You hear a witch cackle.
It was a scroll of random uselessness.
The gnoll sergeant hits you from afar with a +2 trident of protection!
You die...

#.... ..#....†... #'## ##+#..:.#
#.#........ .....
........#######.####'###< .....
........#.....#........#. .....
........'.....#........#. ....
.......#.....'........#. ....
....g..#'#####.####...#. #
#.......###########. +
#.>@....#.... ....#. # ..
#...'g......+... ....+. #+###...
#####.......##.# #...#. .......#
#....########.####...#. .......#
#....#..........#....#. .......#
#....#..........#....#. .......#
#....'.....)....'....#.
.......#+##....####..##..###...#.
..................#..#######...#.


You could see a gnoll sergeant and a gnoll.

Vanquished Creatures
  A phantom (D:4)
  2 hounds (D:4)
  2 orc priests (D:4)
  A centaur skeleton (D:5)
  6 orc wizards
  3 worker ants
  4 adders
  A gnoll (D:5)
  A white imp (D:5)
  An ooze (D:4)
  2 worms
  A dart slug (D:1)
  3 leopard geckos
  19 orcs
  6 bats
  5 giant cockroaches
  5 goblins
  5 hobgoblins
  11 jackals
  13 kobolds
  2 quokkas
  A ball python (D:3)
  5 frilled lizards
  A leopard gecko skeleton (D:4)
  2 rats (D:2)
103 creatures vanquished.

Vanquished Creatures (others)
  3 plants (D:2)
3 creatures vanquished.

Grand Total: 106 creatures vanquished

Notes
Turn   | Place    | Note
-------+----------+-------------------------------------------
     0 | D:1      | hawla the Draconian Conjurer began the quest for the Orb.
     0 | D:1      | Reached XP level 1. HP: 14/14 MP: 3/3
   463 | D:1      | Reached XP level 2. HP: 18/22 MP: 0/5
   595 | D:1      | Learned a level 2 spell: Searing Ray
   703 | D:1      | Reached skill level 1 in Fighting
   792 | D:1      | Reached skill level 1 in Translocations
  1277 | D:1      | Reached XP level 3. HP: 28/28 MP: 3/6
  1932 | D:2      | Reached XP level 4. HP: 7/35 MP: 0/8
  1938 | D:2      | Learned a level 4 spell: Iskenderun's Mystic Blast
  3659 | D:4      | Reached skill level 5 in Conjurations
  3659 | D:4      | Reached XP level 5. HP: 15/40 MP: 0/9
  4319 | D:4      | Reached XP level 6. HP: 27/47 MP: 5/10
  4443 | D:4      | Reached skill level 6 in Conjurations
  4530 | D:4      | Found a hazy altar of Hepliaklqana.
  4584 | D:4      | Found Peahaleo's Weapon Emporium.
  4865 | D:4      | Found a sparkling altar of Nemelex Xobeh.
  4902 | D:5      | Entered Level 5 of the Dungeon
  5266 | D:5      | Your scales start taking on a pale cyan-grey colour.
  5266 | D:5      | Reached XP level 7. HP: 52/52 MP: 7/11
  5716 | D:5      | Reached skill level 1 in Fire Magic
  5893 | D:5      | Slain by a gnoll sergeant

Illustrated notes

Levels and vault maps discovered:
D:1:      minmay_arrival_semitransparent, layout_basic, grunt_decor_arrowhead,
          st_stairs_14
D:2:      layout_rooms, serial_bayou, serial_bayou_pond_c,
          serial_bayou_crossing, serial_bayou_shore_b, serial_bayou_pond_d
D:3:      layout_loops_cross
D:4:      layout_loops_ring, nzn_hepliaklqana_mist_gate, serial_shops,
          shop_statue, hangedman_abyss_or_decor_slice,
          nemelex_lonely_heart_becter
D:5:      layout_gridville

Skill      XL: |  1  2  3  4  5  6  7 |
---------------+----------------------+-----
Fighting       | 1 |  1.4
Translocations | 1 2 3 4 |  4.0
Spellcasting   | 3 |  3.3
Conjurations   | 5 6 |  6.3
Dodging        | 2 |  2.5
Stealth        | 2 |  2.2
Fire Magic     | 1 |  1.1

Action                   |  1- 3 |  4- 6 |  7- 9 || total
-------------------------+-------+-------+-------++-------
Melee: Unarmed           |    68 |       |       ||    68
       Tailslap          |     6 |     3 |     1 ||    10
       Short sword       |    33 |    73 |     9 ||   115
 Cast: Magic Dart        |    32 |    20 |     1 ||    53
       Searing Ray       |    22 |    20 |     5 ||    47
       Iskenderun's Myst |       |     3 |     6 ||     9
 Abil: Breathe Steam     |       |       |     2 ||     2
Evoke: Wand              |       |     1 |       ||     1
  Use: Scroll            |     3 |     9 |     1 ||    13
       Potion            |     3 |       |       ||     3
 Stab: Sleeping          |       |     2 |       ||     2
Armor: Skin              |    57 |    25 |     3 ||    85
Dodge: Dodged            |   122 |    72 |    17 ||   211
